 Dungeon Crawl Stone Soup version 0.27-a0-1308-gc08437e49b (webtiles) character file.

Game seed: 17348045563435045029

63 spiderkeys the Skirmisher (level 4, 0/31 HPs)
             Began as an Octopode Abyssal Knight on June 19, 2021.
             Was a Follower of Lugonu.
             Slain by a gnoll (9 damage)
             ... on level 3 of the Dungeon.
             The game lasted 00:01:55 (2442 turns).

spiderkeys the Skirmisher (Octopode Abyssal Knight) Turns: 2442, Time: 00:01:55

Health: 0/31       AC:  1    Str: 12    XL:     4   Next: 9%
Magic:  4/6        EV: 17    Int: 14    God:    Lugonu [*.....]
Gold:   52         SH:  0    Dex: 11    Spells: 3/3 levels left

rFire    . . .     SeeInvis .   a - +2 spear
rCold    . . .     Faith    .   (no shield)
rNeg     + . .     Spirit   .   (helmet restricted)
rPois    .         Reflect  .   (no amulet)
rElec    .         Harm     .   E - +4 ring of evasion
rCorr    .         Rampage  .   N - ring of positive energy
Will     .....                  (no ring)
Stlth    +++.......             (no ring)
HPRegen  0.10/turn              (no ring)
MPRegen  0.10/turn              (no ring)
                                (no ring)
                                (no ring)

@: no status effects
A: almost no armour, amphibious, 8 rings, camouflage 1, gelatinous body 1,
(nimble swimmer 1), tentacles
a: Renounce Religion, Depart the Abyss


You were on level 3 of the Dungeon.
You worshipped Lugonu.
Lugonu was aware of your devotion.
You visited 1 branch of the dungeon, and saw 3 of its levels.
You visited the Abyss 1 time.

You collected 52 gold pieces.


Innate Abilities, Weirdness & Mutations

You cannot wear most types of armour.
You are amphibious.
You can wear up to eight rings at the same time.
Your skin changes colour to match your surroundings (Stealth+).
Your rubbery body absorbs attacks. (AC +1, EV +1)
((You are camouflaged near water. (Stealth+)))
You have tentacles for arms and can constrict up to eight enemies at once.


   Skills:
 + Level 3.4 Fighting
 + Level 2.5 Polearms
 + Level 2.9 Dodging
 + Level 2.0 Stealth
 + Level 2.7 Invocations


You had 3 spell levels left.
You didn't know any spells.
Your spell library was empty.

Inventory:

Hand Weapons
 a - a +2 spear (weapon)
 j - a +2 hunting sling of flaming
   (You took it off a goblin on level 2 of the Dungeon)
 k - a +0 trident
   (You found it on level 2 of the Dungeon)
Missiles
 b - 50 stones
 d - 20 bolts
Magical Staves
 g - a staff of earth {!a}
   (You found it on level 1 of the Dungeon)
Jewellery
 E - a +4 ring of evasion (left tentacle)
   (You found it on level 1 of the Dungeon)
 N - a ring of positive energy (right tentacle)
   (You found it on level 1 of the Dungeon)
Scrolls
 h - a scroll of teleportation {@r4}
Potions
 c - a potion of might {unknown}
 e - 2 potions of degeneration {!q}
 f - a potion of attraction {unknown}
 i - a potion of brilliance {unknown}

Dungeon Overview and Level Annotations

Branches:
Dungeon (3/15)

Altars:

## .. # #. ≈# #.
≈≈## #) ≈≈≈≈#
.#####)###≈≈≈≈≈#
..$!..g)@..≈≈≈≈#
#####.####.≈≈≈≈#
.. ≈≈≈≈# #. ≈≈≈#
# ≈≈# ≈# .


You could see a gnoll.


Message History

The gnoll shouts! x2
You hit the goblin. You hit the goblin.
You kill the goblin!
Lugonu accepts your kill.
You reach to attack!
You hit the gnoll.
A gnoll comes into view. It is wielding a +0 club.
The gnoll misses you.
You reach to attack!
You hit the gnoll. The gnoll barely misses you.
You reach to attack!
You closely miss the gnoll.
The gnoll hits you from afar with a +0 spear! 😮 HP[-7]
You take 7 damage, and now have 19/26 hp.
MASSIVE DAMAGE!! (PAUSE)
You are too injured to fight recklessly!
Reach: a) +2 spear
Press: ? - help, Dir - move target, f/p - gnoll
Aim: a gnoll, wielding a +0 spear (heavily wounded, about 34% to evade your +2 spear)
You reach to attack!
You hit the gnoll. The gnoll hits you but does no damage.
Reach: a) +2 spear
Press: ? - help, Dir - move target, f/p - gnoll
Aim: a gnoll, wielding a +0 spear (severely wounded, about 34% to evade your +2 spear)
You reach to attack!
You hit the gnoll.
The gnoll hits you from afar with a +0 spear. 😮 HP[-2]
You take 2 damage, and now have 17/26 hp.
Reach: a) +2 spear
Press: ? - help, Dir - move target, f/p - gnoll
Aim: a gnoll, wielding a +0 spear (almost dead, about 34% to evade your +2 spear)
You reach to attack!
You closely miss the gnoll. The gnoll completely misses you.
Reach: a) +2 spear
Press: ? - help, Dir - move target, f/p - gnoll
Aim: a gnoll, wielding a +0 spear (almost dead, about 34% to evade your +2 spear)
You reach to attack!
You hit the gnoll.
You kill the gnoll!
Lugonu accepts your kill.
Reach: a) +2 spear
Press: ? - help, Dir - move target, f - gnoll
Aim: a gnoll, wielding a +0 spear (about 34% to evade your +2 spear)
You reach to attack!
You closely miss the gnoll. The gnoll hits you but does no damage.
Reach: a) +2 spear
Press: ? - help, Dir - move target, f/p - gnoll
Aim: a gnoll, wielding a +0 spear (about 34% to evade your +2 spear)
You reach to attack!
You hit the gnoll. The gnoll barely misses you.
Reach: a) +2 spear
Press: ? - help, Dir - move target, f/p - gnoll
Aim: a gnoll, wielding a +0 spear (lightly wounded, about 34% to evade your +2 spear)
You reach to attack!
You hit the gnoll.
The gnoll hits you from afar with a +0 spear. 😮 HP[-3]
You take 3 damage, and now have 14/26 hp.
Reach: a) +2 spear
Press: ? - help, Dir - move target, f/p - gnoll
Aim: a gnoll, wielding a +0 spear (heavily wounded, about 34% to evade your +2 spear)
You reach to attack!
You hit the gnoll.
The gnoll hits you from afar with a +0 spear!
* * * LOW HITPOINT WARNING * * *
😨 HP[-6]
You take 6 damage, and now have 8/26 hp.
MASSIVE DAMAGE!! (PAUSE)
There is a stone staircase leading up here.
The gnoll misses you.
You climb upwards.
There is a stone staircase leading down here.
You start resting. 😎 HP[+18]
Your hp is fully restored (26).
You climb downwards.
The gnoll hits you with a +0 club.
There is a stone staircase leading up here. 😕 HP[-3]
You take 3 damage, and now have 23/26 hp.
You hit the gnoll. You grab the gnoll.
You constrict the gnoll, but do no damage.
The gnoll completely misses you. The gnoll barely misses you.
You hit the gnoll. You squeeze the gnoll. You constrict the gnoll.
The gnoll hits you from afar with a +0 spear.
The gnoll barely misses you. 😮 HP[-6]
You take 6 damage, and now have 17/26 hp.
MASSIVE DAMAGE!! (PAUSE)
You puncture the gnoll!
You kill the gnoll!
Lugonu accepts your kill.
The gnoll hits you from afar with a +0 spear.
* * * LOW HITPOINT WARNING * * *
Your Stealth skill increases to level 2!
You have reached level 4! 😨 HP[-4]
You now have 31 max hp (+5).
The gnoll hits you with a +0 spear.
* * * LOW HITPOINT WARNING * * *
Things that are here:
a +0 club; a +0 flail; 😨 HP[-4]
You take 4 damage, and now have 9/31 hp.
The gnoll closely misses you.
There is a stone staircase leading up here.
The gnoll hits you from afar with a +0 spear!
You die...

Skill      XL: |  1  2  3 |
---------------+----------+-----
Stealth        | 1 2 |  2.0
Fighting       | |  3.4
Polearms       | |  2.5
Dodging        | |  2.9
Invocations    | |  2.7

Action                   |  1- 3 |  4- 6 || total
-------------------------+-------+-------++-------
Melee: Spear             |    65 |       ||    65
       Constrict         |     6 |       ||     6
       Tentacles         |     5 |       ||     5
  Use: Scroll            |     5 |       ||     5
 Stab: Sleeping          |     7 |       ||     7
Armor: Skin              |     2 |       ||     2
Dodge: Dodged            |    26 |     1 ||    27

Levels and vault maps discovered:
D:1:      dpeg_arrival_ternary, layout_basic, basic_ecumenical_altar
D:2:      layout_basic, serial_aquarium, aquarium_bridge_long_joined
          [aquarium_subvault_wall, aquarium_subvault_wall,
          aquarium_subvault_wall, aquarium_subvault_wall,
          aquarium_subvault_bridge, aquarium_subvault_wall], aquarium_window_1,
          aquarium_window_fake, aquarium_view_2a, aquarium_view_2a,
          aquarium_pool_corner
D:3:      wander_river, layout_rooms, zin_statuary, minmay_misc_feat_five,
          kennysheep_generic_room_2, uniq_robin, uniq_natasha

Notes
Turn   | Place    | Note
-------+----------+-------------------------------------------
     0 | Abyss:1  | spiderkeys the Octopode Abyssal Knight began the quest for
                  | the Orb.
     0 | Abyss:1  | Reached XP level 1. HP: 16/16 MP: 2/2
     0 | Abyss:1  | magus.rc [v1.9.10]
    11 | Abyss:1  | Found a corrupted altar of Lugonu.
    16 | Abyss:1  | Found a hide-covered altar of Uskayaw.
    26 | Abyss:1  | Found a hazy altar of Hepliaklqana.
    34 | D:1      | You pass through the gate.
    34 | D:1      | Escaped the Abyss
   424 | D:1      | Reached XP level 2. HP: 21/21 MP: 3/3
   525 | D:1      | Found a faded altar of an unknown god.
   729 | D:1      | Reached skill level 1 in Stealth
  1128 | D:2      | Reached XP level 3. HP: 26/26 MP: 4/4
  2440 | D:3      | Reached skill level 2 in Stealth
  2440 | D:3      | Reached XP level 4. HP: 13/31 MP: 4/6
  2442 | D:3      | Slain by a gnoll

Vanquished Creatures
  An adder (D:2)
  3 gnolls (D:3)
  2 endoplasms (D:2)
  A giant cockroach (D:2)
  4 goblins
  2 hobgoblins (D:1)
  A kobold (D:1)
  4 ball pythons
  A bat (D:2)
  3 frilled lizards
  3 rats (D:1)
25 creatures vanquished.

Table legend:
 A = Non-vault XP
 B = Vault XP
 C = Vault XP percentage of total XP
 D = Non-vault monster count
 E = Vault monster count
 F = Vault count percentage of total count
                 A         B        C        D         E       F
            +---------+---------+-------+---------+---------+-------
      Total |      90 |       0 |   0.0 |      25 |       0 |   0.0
            +---------+---------+-------+---------+---------+-------
        D:1 |      17 |       0 |   0.0 |      12 |       0 |   0.0
        D:2 |      28 |       0 |   0.0 |       9 |       0 |   0.0
        D:3 |      45 |       0 |   0.0 |       4 |       0 |   0.0
            +---------+---------+-------+---------+---------+-------

Illustrated notes

Table legend:
 A = Kills in this place as a percentage of kills in entire the game.
 B = Kills by you in this place as a percentage of kills by you in the entire game.
 C = Kills by friends in this place as a percentage of kills by friends in the entire game.
 D = Other kills in this place as a percentage of other kills in the entire game.
 E = Experience gained in this place as a percentage of experience gained in the entire game.
 F = Experience gained in this place divided by the number of levels of this place that you have seen.
                   A       B       C       D       E      F
               +-------+-------+-------+-------+-------+----------------------
         Total | 100.0 | 100.0 |   N/A |   N/A | 100.0 |  22.5
       Dungeon | 100.0 | 100.0 |   N/A |   N/A | 100.0 |  30.0
               +-------+-------+-------+-------+-------+----------------------

Table legend: (Time is in decaauts)
 A = Elapsed time spent in this place.
 B = Non-inter-level travel time spent in this place.
 C = Inter-level travel time spent in this place.
 D = Time resting spent in this place.
 E = Time spent auto-exploring this place.
 F = Levels seen in this place.
 G = Mean time per level.
                   A        B        C        D        E       F      G
               +--------+--------+--------+--------+--------+-----+--------+
         Total |   2440 |   2253 |    187 |    222 |   1853 |   4 |  610.0 |
       Dungeon |   2406 |   2219 |    187 |    222 |   1828 |   3 |  802.0 |
         Abyss |     34 |     34 |      0 |      0 |     25 |   1 |   34.0 |
               +--------+--------+--------+--------+--------+-----+--------+

Top non-repeatable levels by time:
     D:2: 1492 daAuts
     D:1: 886 daAuts
 Abyss:1: 34 daAuts
     D:3: 26 daAuts
